 Dungeon Crawl Stone Soup version 0.28-a0-1152-g9c71ebef14 (webtiles) character file.

Game seed: 12666870381355328252

27215 Turgor the Severer (level 13, -1/118 HPs)
             Began as a Minotaur Fighter on Dec 14, 2021.
             Was a High Priest of Okawaru.
             Succumbed to a green draconian's poison gas
             ... on level 3 of the Abyss.
             The game lasted 00:57:06 (16000 turns).

Turgor the Severer (Minotaur Fighter)              Turns: 16000, Time: 00:57:06

Health: -1/118     AC: 21    Str: 27    XL:     13   Next: 3%
Magic:  0/16       EV: 11    Int:  8    God:    Okawaru [*****.]
Gold:   661        SH:  5    Dex: 15    Spells: 12/12 levels left

rFire   + . .      SeeInvis .   J - +2 war axe
rCold   . . .      Faith    .   n - +0 buckler {rF+}
rNeg    . . .      Spirit   .   O - +1 chain mail "Rodil" {Int+3}
rPois   .          Reflect  .   (helmet restricted)
rElec   .          Harm     .   M - +2 cloak
rCorr   .          Rampage  .   o - +2 pair of gloves {infuse}
Will    .....      Rage     1%  g - +0 pair of boots
Stlth   ..........              (no amulet)
HPRegen 0.29/turn               p - +6 ring of dexterity
MPRegen 0.15/turn               D - ring of flight

@: lethally poisoned (-1 -> -58), about to teleport, flying
A: horns 2, retaliatory headbutt, berserk 1
a: Renounce Religion, Heroism, Finesse, Duel


You were on level 3 of the Abyss.
You worshipped Okawaru.
Okawaru was extremely pleased with you.
You visited 1 branch of the dungeon, and saw 11 of its levels.
You visited the Abyss 1 time.
You also visited: Ossuary.

You collected 696 gold pieces.
You spent 35 gold pieces at shops.

Inventory:

Hand Weapons
 a - a +3 hand axe of freezing
 f - a +5 antimagic executioner's axe
 B - the +9 trident of the Lurker {vorpal, Dex+3}
   (You took it off a kobold demonologist on level 6 of the Dungeon)

   It inflicts extra damage upon your enemies.
   Dex:       It affects your dexterity (+3).
 J - a +2 war axe (weapon)
 L - a +3 battleaxe
Missiles
 i - 4 silver boomerangs
 z - 3 throwing nets
 G - 18 poisoned darts (quivered)
Armour
 g - a +0 pair of boots (worn)
 n - a +0 buckler of fire resistance (worn)
 o - a +2 pair of gloves of infusion (worn)
 x - a +0 plate armour
 A - the +10 tower shield of Ignorance {rN+ Int-4}
   (You found it on level 6 of the Dungeon)

   Int:       It affects your intelligence (-4).
   rN:        It protects you from negative energy.
 M - a +2 cloak (worn)
 O - the +1 chain mail "Rodil" (worn) {Int+3}
   (Okawaru gifted it to you on level 10 of the Dungeon)

   Int:       It affects your intelligence (+3).
Jewellery
 p - a +6 ring of dexterity (left hand)
 D - a ring of flight (right hand)
 N - the ring "Kemiymp" {Ice Will- rCorr Dex+5}
   (You found it on level 10 of the Dungeon)

   [ring of ice]

   It enhances your ice magic.
   Dex:       It affects your dexterity (+5).
   rF:        It makes you vulnerable to fire.
   rC:        It protects you from cold.
   rCorr:     It protects you from acid and corrosion.
   Will:      It decreases your willpower.
Wands
 b - a wand of iceblast (15)
 u - a wand of flame (47)
 v - a wand of mindburst (5)
 F - a wand of polymorph (3)
Scrolls
 c - a scroll of silence {unknown}
 e - 3 scrolls of fear
 j - 3 scrolls of teleportation
 k - a scroll of acquirement
 l - 3 scrolls of amnesia
 y - a scroll of magic mapping
 E - 2 scrolls of blinking {unknown}
 I - a scroll of enchant weapon
Potions
 d - a potion of might
 h - 2 potions of curing
 q - 2 potions of attraction
 r - a potion of flight
 s - a potion of brilliance
 t - 4 potions of mutation {unknown}
 w - a potion of haste {unknown}
 C - 2 potions of lignification {unknown}
 K - a potion of invisibility {unknown}
 Q - a potion of cancellation
Miscellaneous
 P - a phial of floods (inert)


   Skills:
 * Level 12.1 Fighting
 * Level 17.2 Axes
 - Level 12.0 Armour
 - Level 6.0 Dodging
 - Level 1.6 Stealth
 - Level 4.0 Shields
 + Level 5.5 Invocations
 + Level 5.0 Evocations


You had 12 spell levels left.
You didn't know any spells.
Your spell library contained the following spells:

 Spells                   Type           Power      Damage    Failure   Level
 Beastly Appendage        Tmut           0%         N/A       87%         1
 Freeze                   Ice            0%         1d3       87%         1
 Ensorcelled Hibernation  Hex/Ice        0%         N/A       95%         2
 Wereblood                Tmut           0%         N/A       95%         2
 Frozen Ramparts          Ice            0%         1d2       99%         3
 Spider Form              Tmut/Pois      0%         N/A       99%         3
 Hailstorm                Conj/Ice       0%         3d3       100%        4


Dungeon Overview and Level Annotations

Branches:
Dungeon (11/15)            Temple (0/1) D:4            Lair (0/6) D:11
Ossuary (visited)
    Orc: D:9-12

Altars:
Ashenzari
Elyvilon
Fedhas
Okawaru
Yredelemnul

Shops:
D:3 *::=

Annotations:
D:5 2 transporters


Innate Abilities, Weirdness & Mutations

You have a pair of horns on your head.
You reflexively headbutt those who attack you in melee.
You tend to lose your temper in combat.


Message History

You furiously retaliate!
You headbutt the green draconian! You block the green draconian's attack.
You hear a grinding noise.
Okay, then.
Unknown command.
You slice the green draconian!!
The green draconian is heavily wounded.
The green draconian breathes poison at you.
The blast of poison engulfs you but does no damage.
You are poisoned.
You closely miss the green draconian.
The green draconian is heavily wounded.
You are engulfed in poison gas.
You are more poisoned.
You feel very sick.
You hit the green draconian.
The green draconian is heavily wounded.
You are engulfed in poison gas.
You are lethally poisoned!
You feel like a meek peon again.
* * * LOW HITPOINT WARNING * * *
You feel very sick.
The green draconian hits you with a +0 scimitar!
* * * LOW HITPOINT WARNING * * *
The green draconian misses you.
You hear a grinding noise.
You slash the green draconian!
The green draconian is heavily wounded.
You are engulfed in poison gas.
You are more poisoned.
* * * LOW HITPOINT WARNING * * *
x2 You feel extremely sick.
The green draconian closely misses you. You furiously retaliate!
You headbutt the green draconian, but do no damage.
The green draconian tail-slaps you but does no damage.
You slice the green draconian!! You headbutt the green draconian.
The green draconian is severely wounded.
You are engulfed in poison gas.
You are more poisoned.
* * * LOW HITPOINT WARNING * * *
You die...

....# # # .
...# .#.# # #
. ...###.#.#
#. ..
.§.#.#..# ...
##. ..#.....#
#
..§#.###...#.
# .
##...#.°○○○°.#
.. ##..
#§.##d#○#
...... ≈#
.#°@### . #.
## ..##○###
... .... ##° .
≈.# #. # .○# .
≈ # .3 .##. ≈
##. #. #.
...... .. # .
.. ≈. ..##
#.###3 ##.#


You could see a green draconian (waterlogged).

Vanquished Creatures
  A spriggan zombie (Abyss:3)
  Erolcha (D:10)
  A boulder beetle (D:11)
  9 two-headed ogres
  2 thrashing horrors (Abyss:2)
  A wretched star (Abyss:2)
  A sixfirhy (Abyss:2)
  2 starcursed masses (Abyss:2)
  A deep elf pyromancer (D:11)
  An ugly thing (D:11)
  A worldbinder (Abyss:2)
  A manticore (D:11)
  A cyclops (D:11)
  A smoke demon (Abyss:2)
  A komodo dragon (D:11)
  2 kobold demonologists
  An unseen horror (D:11)
  A freezing wraith (D:10)
  An ancient zyme (Abyss:2)
  A troll (D:6)
  A troll (shapeshifter) (Abyss:2)
  A hornet (D:7)
  Sigmund (D:2)
  4 large abominations (Abyss:2)
  A naga simulacrum (Abyss:2)
  4 wraiths
  16 yaks
  Eustachio (D:6)
  3 fire elementals (D:11)
  A wyvern (D:8)
  A neqoxec (Abyss:3)
  2 chaos spawn (Abyss:2)
  A golden eye (Abyss:2)
  2 vampire mosquitoes (D:10)
  An acid dragon (D:11)
  2 water moccasins (D:11)
  4 orc warriors
  A black bear (shapeshifter) (Abyss:2)
  A sky beast (D:6)
  4 black bears
  3 necrophages (D:6)
  15 ogres
  3 centaurs
  A phantom (D:6)
  A gnoll sergeant (D:7)
  2 kobold brigands
  A small abomination (Abyss:3)
  6 bullfrogs
  A scorpion (D:6)
  A water moccasin zombie (D:6)
  12 killer bees
  10 wights
  2 howler monkeys
  6 centaur zombies
  A bullfrog zombie (D:5)
  A quasit (Abyss:2)
  7 hounds
  2 jellies (D:5)
  A gnoll shaman (D:8)
  3 bullfrog skeletons
  2 centaur skeletons
  7 iguanas
  11 orc wizards
  14 adders
  16 gnolls
  A white imp (D:7)
  An adder skeleton (D:4)
  2 adder zombies (Ossuary)
  6 worms
  A dart slug (D:1)
  31 orcs
  3 bats
  12 endoplasms
  2 giant cockroaches
  6 goblins
  8 hobgoblins
  3 jackals (D:2)
  14 kobolds
  3 quokkas (D:1)
  4 ball pythons
  9 frilled lizards
  A hobgoblin skeleton (Ossuary)
  2 hobgoblin zombies (Ossuary)
  A kobold zombie (Ossuary)
  3 orc zombies (Ossuary)
  5 rats
330 creatures vanquished.

Vanquished Creatures (others)
  20 fungi (D:11)
  17 plants (D:11)
37 creatures vanquished.

Grand Total: 367 creatures vanquished

Notes
Turn   | Place    | Note
-------+----------+-------------------------------------------
     0 | D:1      | Turgor the Minotaur Fighter began the quest for the Orb.
     0 | D:1      | Reached XP level 1. HP: 19/19 MP: 0/0
   148 | D:1      | Reached XP level 2. HP: 10/27 MP: 1/1
   369 | D:1      | Found a faded altar of an unknown god.
   523 | D:1      | Reached skill level 3 in Axes
   597 | D:1      | Reached XP level 3. HP: 28/33 MP: 2/2
  1389 | D:2      | Reached XP level 4. HP: 40/41 MP: 3/3
  1409 | D:2      | Noticed Sigmund
  1512 | D:3      | Found Tuypt's Jewellery Boutique.
  1606 | D:3      | Reached skill level 4 in Axes
  1820 | D:3      | Found Buwket's General Store.
  1828 | D:3      | Found Bounten's Book Shoppe.
  1835 | D:3      | Reached XP level 5. HP: 39/47 MP: 4/4
  1928 | D:3      | Bought a scroll of fear for 35 gold pieces
  1929 | D:3      | Identified 2 scrolls of acquirement
  1929 | D:3      | Acquired a +2 pair of gloves of infusion
  2107 | D:3      | Reached skill level 5 in Axes
  2263 | D:3      | Found Oshruc's Book Boutique.
  2459 | D:2      | Found an iron altar of Okawaru.
  2467 | D:2      | Became a worshipper of Warmaster Okawaru
  2698 | D:2      | HP: 2/47 [something (5)]
  2699 | D:2      | Killed Sigmund
  2700 | D:2      | Reached skill level 6 in Axes
  2700 | D:2      | Reached skill level 1 in Dodging
  2700 | D:2      | Reached XP level 6. HP: 3/55 MP: 0/5
  3366 | D:4      | Found a sand-covered staircase.
  3445 | Ossuary  | Entered an ossuary
  3489 | Ossuary  | Reached * piety under Okawaru
  3573 | Ossuary  | Noticed a wraith
  3573 | Ossuary  | Noticed a flying skull
  3584 | Ossuary  | Noticed a wraith
  3595 | Ossuary  | Killed a wraith
  3596 | Ossuary  | Reached skill level 5 in Fighting
  3596 | Ossuary  | Reached skill level 7 in Axes
  3596 | Ossuary  | Reached skill level 5 in Armour
  3596 | Ossuary  | Reached XP level 7. HP: 41/61 MP: 0/6
  3930 | Ossuary  | Noticed a flying skull
  3937 | Ossuary  | Noticed a wraith
  3944 | Ossuary  | Killed a wraith
  3945 | Ossuary  | Reached skill level 8 in Axes
  4137 | Ossuary  | Noticed a flying skull
  4335 | D:4      | Reached skill level 1 in Stealth
  4539 | D:4      | Found a staircase to the Ecumenical Temple.
  4658 | D:4      | You fall into a shaft and drop 3 floors!
  4687 | D:7      | Reached skill level 9 in Axes
  4692 | D:7      | Reached XP level 8. HP: 33/68 MP: 0/7
  4717 | D:7      | Reached ** piety under Okawaru
  5103 | D:5      | Entered Level 5 of the Dungeon
  5618 | D:5      | Found a transporter.
  5737 | D:5      | Reached skill level 10 in Axes
  5743 | D:5      | Identified the +2 leather armour of Pragmatism {Int+7
                  | Stlth-}
  6608 | D:5      | Found a transporter.
  7079 | D:6      | Found the +10 tower shield of Ignorance {rN+ Int-4}
  7456 | D:6      | Found a basalt altar of Yredelemnul.
  7516 | D:6      | Reached skill level 11 in Axes
  7516 | D:6      | Reached XP level 9. HP: 78/78 MP: 3/8
  7902 | D:6      | Reached *** piety under Okawaru
  8008 | D:6      | Noticed a troll
  8011 | D:6      | Identified the +9 trident of the Lurker {vorpal, Dex+3}
  8011 | D:6      | Noticed a kobold demonologist
  8016 | D:6      | Killed a kobold demonologist
  8017 | D:6      | Reached skill level 12 in Axes
  8039 | D:6      | Killed a troll
  8224 | D:6      | Noticed Eustachio
  8235 | D:6      | Killed Eustachio
  9130 | D:7      | Reached **** piety under Okawaru
  9134 | D:7      | Reached XP level 10. HP: 59/88 MP: 0/9
  9631 | D:8      | Reached skill level 13 in Axes
  9711 | D:8      | Found a broken altar of Ashenzari.
 10071 | D:8      | Noticed a two-headed ogre
 10080 | D:8      | Killed a two-headed ogre
 10080 | D:8      | Reached ***** piety under Okawaru
 10081 | D:8      | Reached skill level 14 in Axes
 10714 | D:9      | Noticed a two-headed ogre
 10722 | D:9      | Killed a two-headed ogre
 10821 | D:9      | Reached skill level 10 in Armour
 11561 | D:10     | Entered Level 10 of the Dungeon
 11629 | D:10     | Found a blossoming altar of Fedhas.
 11642 | D:10     | Noticed a death knight
 11645 | D:10     | Noticed a phantasmal warrior
 11647 | D:10     | Reached XP level 11. HP: 99/99 MP: 1/10
 12185 | D:10     | Reached skill level 10 in Fighting
 12185 | D:10     | Reached skill level 1 in Invocations
 12196 | D:10     | Reached skill level 1 in Evocations
 12221 | D:10     | Noticed a two-headed ogre
 12221 | D:10     | Noticed a two-headed ogre
 12227 | D:10     | Noticed a two-headed ogre
 12240 | D:10     | Killed a two-headed ogre
 12241 | D:10     | Reached skill level 15 in Axes
 12269 | D:10     | Killed a two-headed ogre
 12378 | D:10     | Killed a two-headed ogre
 12449 | D:10     | Noticed Erolcha
 12450 | D:10     | Received a gift from Okawaru
 12459 | D:10     | Killed Erolcha
 12548 | D:10     | Noticed a two-headed ogre
 12560 | D:10     | Killed a two-headed ogre
 12571 | D:10     | Noticed a two-headed ogre
 12593 | D:10     | Killed a two-headed ogre
 12632 | D:10     | Noticed a two-headed ogre
 12640 | D:10     | Killed a two-headed ogre
 12778 | D:10     | Identified the ring "Kemiymp" {Ice Will- rCorr Dex+5}
 12904 | D:10     | Identified the +1 chain mail "Rodil" {Int+3} (Okawaru
                  | gifted it to you on level 10 of the Dungeon)
 12904 | D:10     | Received a gift from Okawaru
 13215 | D:10     | Found a white marble altar of Elyvilon.
 13896 | D:11     | Reached skill level 16 in Axes
 13896 | D:11     | Reached XP level 12. HP: 99/108 MP: 0/13
 14216 | D:11     | Found a staircase to the Lair.
 14409 | D:11     | Reached skill level 5 in Dodging
 14665 | D:11     | Noticed a two-headed ogre
 14674 | D:11     | Killed a two-headed ogre
 14839 | D:11     | Noticed a boulder beetle
 14857 | D:11     | Killed a boulder beetle
 15141 | D:11     | Cast into level 2 of the Abyss (a wizard)
 15269 | Abyss:2  | Noticed a lich
 15282 | Abyss:2  | Found a corrupted altar of Lugonu.
 15328 | Abyss:2  | Noticed a starcursed mass
 15388 | Abyss:2  | Received a gift from Okawaru
 15724 | Abyss:2  | Noticed a starcursed mass
 15738 | Abyss:2  | Found a corrupted altar of Lugonu.
 15752 | Abyss:2  | Reached skill level 5 in Invocations
 15805 | Abyss:2  | Reached skill level 17 in Axes
 15828 | Abyss:2  | Noticed a starcursed mass
 15837 | Abyss:2  | Killed a starcursed mass
 15841 | Abyss:2  | Killed a starcursed mass
 15866 | Abyss:2  | Noticed a rakshasa
 15881 | Abyss:2  | Reached skill level 5 in Evocations
 15893 | Abyss:2  | Noticed a tentacled starspawn
 15939 | Abyss:3  | Reached XP level 13. HP: 25/118 MP: 0/16
 15973 | Abyss:3  | Gained mutation: You tend to lose your temper in combat. [a
                  | neqoxec]
 15986 | Abyss:3  | Noticed a green draconian
 16000 | Abyss:3  | Succumbed to a green draconian's poison gas

Illustrated notes

Levels and vault maps discovered:
D:1:      amcnicky_arrival_choice, layout_basic,
          dreamdust_ecumenical_altar_statues, corexii_hall_statues_x
D:2:      layout_loops_ring, basic_altar, uniq_sigmund
D:3:      layout_loops_ring, serial_shops, shop, nicolae_square_shop,
          shop_fountains, shop, kennysheep_generic_room_13
D:4:      layout_layer_cave, minmay_temple_entry_antechambers,
          nicolae_ossuary_entry_ruins, minmay_misc_feat_room,
          kennysheep_opposing_triangles
D:5:      gammafunk_cloud_chamber, layout_basic, minmay_holes,
          uniq_crazy_yiuf_cottage
D:6:      wad_guarded_room, layout_loops_ring, mainiacjoe_overflow_alcove_4,
          uniq_eustachio
D:7:      layout_loops_cross
D:8:      layout_loops_ring, ashenzari_conservatory_becter
D:9:      layout_irregular_city, kennysheep_cluttered_room
D:10:     lemuel_ogre_cave, layout_basic, mainiacjoe_overflow_large_starburst
D:11:     cheibrodos_lost_city_excavation, layout_long_grid,
          due_lair_maze_entry_diamond, orc_0_dummy
Abyss:3:  base: D:5, hangedman_abyss_lost_library,
          nicolae_abyss_rune_left_handed, evilmike_abyss_exit_15

Skill      XL: |  1  2  3  4  5  6  7  8  9 10 11 12 |
---------------+-------------------------------------+-----
Armour         | 4 5 7 8 10 11 12 | 12.0
Axes           | 3 4 6 7 9 11 12 14 16 17 | 17.2
Fighting       | 4 5 6 8 9 10 12 | 12.1
Shields        | 4 |  4.0
Dodging        | 1 2 4 6 |  6.0
Stealth        | 1 |  1.6
Invocations    | 3 5 |  5.5
Evocations     | 3 5 |  5.0

Action                   |  1- 3 |  4- 6 |  7- 9 | 10-12 | 13-15 || total
-------------------------+-------+-------+-------+-------+-------++-------
Melee: War axe           |    96 |   139 |   251 |   456 |    12 ||   954
       Headbutt          |    10 |    21 |    59 |   160 |     2 ||   252
Throw: Dart              |       |       |     1 |    45 |       ||    46
Invok: Heroism           |       |       |     3 |    20 |     1 ||    24
Evoke: Wand              |       |       |       |    11 |       ||    11
       Phial of floods   |       |       |       |       |     1 ||     1
  Use: Scroll            |       |     5 |     5 |    11 |     1 ||    22
       Potion            |       |       |       |     4 |     3 ||     7
 Stab: Distracted        |       |       |       |     1 |       ||     1
Armor: Scale mail        |    43 |    51 |    93 |       |       ||   187
       Chain mail        |       |       |       |   172 |     3 ||   175
Dodge: Dodged            |    33 |    39 |   119 |   158 |     6 ||   355
Block: Buckler           |    18 |    25 |    56 |    76 |     1 ||   176

Table legend: (Time is in decaauts)
 A = Elapsed time spent in this place.
 B = Non-inter-level travel time spent in this place.
 C = Inter-level travel time spent in this place.
 D = Time resting spent in this place.
 E = Time spent auto-exploring this place.
 F = Levels seen in this place.
 G = Mean time per level.
                   A        B        C        D        E       F      G
               +--------+--------+--------+--------+--------+-----+--------+
         Total |  15990 |  15597 |    393 |   2880 |   9330 |  14 | 1142.1 |
       Dungeon |  14275 |  13882 |    393 |   1984 |   9330 |  11 | 1297.7 |
         Abyss |    857 |    857 |      0 |    376 |      0 |   2 |  428.5 |
       Ossuary |    857 |    857 |      0 |    520 |      0 |   1 |  857.0 |
               +--------+--------+--------+--------+--------+-----+--------+

Top non-repeatable levels by time:
    D:10: 1913 daAuts
     D:6: 1862 daAuts
     D:5: 1362 daAuts
     D:7: 1333 daAuts
    D:11: 1296 daAuts
     D:2: 1218 daAuts
     D:9: 1161 daAuts
     D:8: 1119 daAuts
     D:1: 1087 daAuts
     D:3: 1053 daAuts
     D:4: 866 daAuts
 Ossuary: 857 daAuts
 Abyss:2: 763 daAuts
 Abyss:3: 94 daAuts
